 Dungeon Crawl Stone Soup version 0.23-a0-303-gfcac5de (webtiles) character file.

7379 galech the Cleaver (level 10, -5/118 HPs)
             Began as a Demonspawn Fighter on Oct 8, 2018.
             Was an Initiate of Okawaru.
             Killed from afar by an electric eel (9 damage)
             ... with a bolt of electricity
             ... in a bailey.
             The game lasted 00:15:46 (9117 turns).

galech the Cleaver (Demonspawn Fighter)             Turns: 9117, Time: 00:15:47

Health: -5/118     AC: 10    Str: 22    XL:     10   Next: 92%
Magic:  0/10       EV: 25    Int:  9    God:    Okawaru [......]
Gold:   572        SH: 11    Dex: 16    Spells: 9/9 levels left

rFire    . . .     SeeInvis .   a - +0 war axe
rCold    + . .     Gourm    .   c - +0 shield
rNeg     . . .     Faith    .   e - +4 ring mail {rC+}
rPois    .         Spirit   +   (helmet restricted)
rElec    .         Reflect  .   x - +0 cloak
rCorr    .         Harm     .   A - +0 pair of gloves
MR       .....                  t - +0 pair of boots
Stlth    ..........             y - amulet of guardian spirit
HPRegen  0.29/turn              s - +3 ring of evasion
MPRegen  0.12/turn              H - ring of Phasing {EV+8}

@: berserking, corroded, drained, slow
A: antennae 1, repulsion field 2, powered by death 3
a: Renounce Religion


You were in a bailey.
You worshipped Okawaru.
Okawaru was noncommittal.
You were hungry.

You visited 2 branches of the dungeon, and saw 10 of its levels.
You also visited: Bailey.

You collected 572 gold pieces.

Inventory:

Hand Weapons
 a - a +0 war axe (weapon)
 C - the +7 hand axe of Discomfort {vamp, +Blink rElec Str-3, unknown}
   (You found it on level 9 of the Dungeon)

   It inflicts no extra harm, but heals its wielder when it wounds a living foe.
   It affects your strength (-3).
   It insulates you from electricity.
   It lets you blink.
Armour
 c - a +0 shield (worn)
 e - a +4 ring mail of cold resistance (worn)
 t - a +0 pair of boots (worn)
 x - a +0 cloak (worn)
 A - a +0 pair of gloves (worn)
 I - a +2 ring mail of poison resistance
Jewellery
 m - an uncursed ring of flight
 n - a +3 ring of strength
 s - a +3 ring of evasion (left hand)
 y - an amulet of guardian spirit (around neck)
 E - an uncursed amulet of regeneration {unknown}
 H - the ring of Phasing (right hand) {EV+8}
   (You found it on level 8 of the Dungeon)

   [ring of evasion]

   It affects your evasion (+8).
Wands
 w - a wand of digging (20)
 D - a wand of polymorph (20)
 F - a wand of acid (12)
Scrolls
 i - 4 scrolls of teleportation
 l - a scroll of holy word
 p - 4 scrolls of remove curse
 u - a scroll of amnesia
 v - 2 scrolls of fog
 J - a scroll of vulnerability
Potions
 b - a potion of cancellation {unknown}
 d - 5 potions of might
 g - 2 potions of heal wounds {unknown}
 h - a potion of haste {unknown}
 k - a potion of flight {unknown}
 o - a potion of mutation {unknown}
 q - 7 potions of degeneration
 r - 4 potions of curing {unknown}
 z - 3 potions of brilliance {unknown}
Comestibles
 f - 17 rations


   Skills:
 + Level 7.1(6.9) Fighting
 + Level 10.5(10.2) Axes
 + Level 6.2(6.0) Armour
 + Level 3.7(3.5) Dodging
 + Level 0.6(0.4) Stealth
 + Level 7.3(7.1) Shields
 + Level 0.1(0.0) Unarmed Combat


You had 9 spell levels left.
You didn't know any spells.
Your spell library contained the following spells:

 Spells                   Type           Power        Failure   Level  Hunger
 Corona                   Hex            #......      86%         1    ##.....
 Summon Small Mammal      Summ           #...         86%         1    ##.....
 Call Imp                 Summ           #.......     95%         2    ###....
 Slow                     Hex            #.......     95%         2    ###....
 Call Canine Familiar     Summ           #.......     99%         3    ####...
 Inner Flame              Hex/Fire       #.......     99%         3    ####...
 Portal Projectile        Hex/Tloc       #.....       99%         3    ####...
 Summon Guardian Golem    Hex/Summ       #.......     99%         3    ####...
 Cause Fear               Hex            #.........   100%        4    #####..
 Leda's Liquefaction      Hex/Erth       #.........   100%        4    #####..
 Summon Ice Beast         Ice/Summ       #.......     100%        4    #####..
 Summon Lightning Spire   Summ/Air       #.......     100%        4    #####..


Dungeon Overview and Level Annotations

Branches:
Dungeon (9/15)             Temple (1/1) D:7
   Lair: D:8-11         Orc: D:9-12

Altars:
Ashenzari
Cheibriados
Dithmenos
Elyvilon
Fedhas
Gozag
Hepliaklqana
Kikubaaqudgha
Makhleb
Nemelex Xobeh
Okawaru
Qazlal
Ru
Sif Muna
Trog
Uskayaw
Vehumet
Wu Jian
Xom
Yredelemnul
Zin
The Shining One


Innate Abilities, Weirdness & Mutations

You have a pair of small antennae on your head.
You are surrounded by a moderate repulsion field. (EV +3)
You regenerate a lot of health from kills.


Message History

The shadow imp closely misses you. The hellwing completely misses you.
The hellwing closely misses you.
You slice the chaos spawn!!
You kill the chaos spawn!
The chaos spawn degenerates into a cloud of primal chaos!
You closely miss the rust devil. You closely miss the crimson imp.
Your shield prevents you from hitting the sun demon.
You slash the shadow imp!
You kill the shadow imp!
You hit the hellwing but do no damage.
Your surroundings suddenly seem different.
Splash!
You fall into the shallow water.
Moving in this stuff is going to be slow.
All of the chunks of flesh in your inventory have rotted away.
An electric eel comes into view.
An electric eel comes into view.
The electric eel shoots out a bolt of lightning at you!
The bolt of electricity hits you!
You die...

####++#.≈≈ #.≈≈
#.≈≈ ###≈ #≈ #≈
#######+#### #≈
+........... #≈
#≈≈≈@≈≈≈≈≈≈≈ #≈
≈≈≈≈≈≈≈≈≈;≈≈≈≈≈≈
≈≈≈≈≈≈≈≈≈≈≈≈≈≈≈≈
≈≈≈≈≈≈≈≈≈≈≈≈≈≈≈≈
≈≈≈≈≈≈≈≈≈≈≈≈≈≈≈≈
≈≈≈≈≈≈≈≈≈≈≈≈≈≈≈≈
≈≈≈≈≈≈≈≈≈≈≈≈≈≈≈≈
≈≈≈≈≈≈≈≈≈≈≈≈≈;≈≈


You could see 2 electric eels.

Vanquished Creatures
  2 two-headed ogres
  An orc knight (Bailey)
  A cyclops (D:4)
  Joseph (D:8)
  A troll (D:9)
  Sigmund (D:6)
  Eustachio (D:4)
  A basilisk (D:8)
  A hungry ghost (D:7)
  A human (D:8)
  Edmund (D:4)
  A water moccasin (D:9)
  2 ice beasts
  2 phantoms
  An orc warrior (D:6)
  3 ogres
  5 centaurs
  A big kobold (D:7)
  2 gnoll sergeants
  2 bullfrogs (D:8)
  2 scorpions
  A wyvern skeleton (D:9)
  9 killer bees
  3 howler monkeys
  6 crimson imps
  A quasit (D:8)
  A bullfrog zombie (D:8)
  4 orc priests
  A centaur skeleton (D:4)
  4 hounds
  A bullfrog skeleton (D:4)
  A gnoll shaman (D:8)
  An iguana (D:5)
  8 orc wizards
  14 worker ants
  A hound skeleton (D:5)
  2 worker ant zombies
  Robin (D:3)
  22 gnolls
  9 adders
  A shadow imp (D:5)
  A white imp (D:5)
  2 adder skeletons
  A worm (D:3)
  4 dart slugs
  2 leopard geckos
  24 orcs
  7 giant cockroaches
  14 goblins
  9 hobgoblins
  20 jackals
  5 quokkas
  2 ball pythons
  6 bats
  5 frilled lizards
  11 kobolds
  7 rats
244 creatures vanquished.

Notes
Turn   | Place    | Note
-------+----------+-------------------------------------------
     0 | D:1      | galech the Demonspawn Fighter began the quest for the Orb.
     0 | D:1      | Reached XP level 1. HP: 18/18 MP: 1/1
    49 | D:1      | Reached skill level 2 in Axes
    49 | D:1      | Gained mutation: You are surrounded by a mild repulsion
                  | field. (EV +2) [demonic ancestry]
    49 | D:1      | Reached XP level 2. HP: 10/24 MP: 2/2
   660 | D:2      | Gained mutation: You regenerate a little health from kills.
                  | [demonic ancestry]
   660 | D:2      | Reached XP level 3. HP: 17/29 MP: 3/3
  1373 | D:3      | Reached XP level 4. HP: 35/35 MP: 4/4
  1520 | D:3      | Found a blossoming altar of Fedhas.
  1971 | D:3      | Reached skill level 3 in Axes
  2100 | D:3      | Found an opulent altar of Gozag.
  2315 | D:4      | Gained mutation: You regenerate health from kills. [demonic
                  | ancestry]
  2315 | D:4      | Reached XP level 5. HP: 14/41 MP: 5/5
  2517 | D:4      | Noticed a cyclops
  2717 | D:4      | Noticed Robin
  2720 | D:4      | Reached XP level 6. HP: 48/48 MP: 6/6
  2746 | D:3      | Killed Robin
  2894 | D:4      | Found a burning altar of Makhleb.
  2952 | D:4      | Found a transporter.
  2957 | D:4      | Found a transporter.
  2965 | D:4      | Found a white marble altar of Elyvilon.
  3211 | D:4      | Reached skill level 4 in Axes
  3581 | D:4      | Gained mutation: You regenerate a lot of health from kills.
                  | [demonic ancestry]
  3581 | D:4      | Reached XP level 7. HP: 45/54 MP: 7/7
  3665 | D:4      | Noticed Eustachio
  3689 | D:4      | Killed Eustachio
  3689 | D:4      | Reached skill level 5 in Axes
  3689 | D:4      | Reached skill level 1 in Dodging
  3717 | D:4      | Noticed Edmund
  3737 | D:4      | Killed Edmund
  4029 | D:5      | Entered Level 5 of the Dungeon
  4284 | D:5      | Found a sacrificial altar of Ru.
  4447 | D:5      | Gained mutation: You have a pair of small antennae on your
                  | head. [demonic ancestry]
  4447 | D:5      | Reached XP level 8. HP: 42/61 MP: 4/8
  4662 | D:5      | Reached skill level 6 in Axes
  5051 | D:6      | Noticed a two-headed ogre
  5062 | D:6      | Killed a two-headed ogre
  5062 | D:6      | Reached skill level 5 in Fighting
  5062 | D:6      | Reached skill level 7 in Axes
  5062 | D:6      | Reached skill level 5 in Armour
  5062 | D:6      | Reached skill level 5 in Shields
  5062 | D:6      | Reached XP level 9. HP: 68/68 MP: 9/9
  5108 | D:6      | Noticed Sigmund
  5119 | D:6      | Killed Sigmund
  5119 | D:6      | Reached skill level 8 in Axes
  6206 | D:7      | Noticed a two-headed ogre
  6488 | D:8      | Reached skill level 9 in Axes
  6621 | D:8      | Gained mutation: You are surrounded by a moderate repulsion
                  | field. (EV +3) [demonic ancestry]
  6621 | D:8      | Reached XP level 10. HP: 67/76 MP: 8/10
  6691 | D:8      | Found the ring of Phasing {EV+8}
  6780 | D:8      | Found an ornate altar of the Wu Jian Council.
  6954 | D:8      | Noticed Joseph
  6994 | D:8      | Killed Joseph
  7480 | D:7      | Found a staircase to the Ecumenical Temple.
  7632 | Temple   | Entered the Ecumenical Temple
  8064 | D:7      | Found a faded altar of an unknown god.
  8064 | D:7      | Found a faded altar of an unknown god.
  8069 | D:7      | Found a bloodstained altar of Trog.
  8071 | D:7      | Found a stormy altar of Qazlal.
  8072 | D:7      | Found an iron altar of Okawaru.
  8158 | D:7      | Killed a two-headed ogre
  8211 | D:7      | Became a worshipper of Warmaster Okawaru
  8405 | D:4      | Reached skill level 10 in Axes
  8409 | D:4      | Killed a cyclops
  8567 | D:9      | Noticed a skeletal warrior
  8567 | D:9      | Noticed a skeletal warrior
  8568 | D:9      | Noticed a skeletal warrior
  8740 | D:9      | Got a polished hand axe
  8844 | D:9      | Found a flagged portal.
  8856 | Bailey   | Entered a bailey
  8881 | Bailey   | Noticed an orc knight
  8916 | Bailey   | Killed an orc knight
  9084 | Bailey   | Found an iron altar of Okawaru.
  9084 | Bailey   | Noticed an orc high priest
  9084 | Bailey   | Noticed an orc knight
  9094 | Bailey   | Noticed an orange demon
  9094 | Bailey   | Noticed a sixfirhy
  9095 | Bailey   | Noticed a rust devil
  9113 | Bailey   | Noticed a sun demon
  9114 | Bailey   | HP: 3/118 [crimson imp[a kobold demonologist] (4)]
  9117 | Bailey   | Killed from afar by an electric eel

Vault maps used:
D:1:      mrwooster_arrival_arrow
D:3:      marbit_many_paths, old_standard_altar
D:4:      cheibrodos_pilgrimage, gammafunk_temple_overflow_arena,
          old_standard_altar, hangedman_feature_mirror, mrwooster_statue_mirror,
          uniq_edmund, uniq_eustachio, uniq_robin
D:5:      first_ration, basic_altar, minmay_fire_ice_demons
D:6:      solitary_fountain, uniq_sigmund
D:7:      chequers_temple_overflow_minitemple, minmay_temple_entry_from_below_b
D:8:      kennysheep_mini_moat, grunt_pizzeria, uniq_joseph
D:9:      enter_bailey_7, serial_bayou_crossing
Temple:   eino_temple_water
Bailey:   bailey_axe_of_yendor_kennysheep, bailey

Skill      XL: |  1  2  3  4  5  6  7  8  9 10 |
---------------+-------------------------------+-----
Axes           | 2 3 4 5 7 9 10 | 10.5
Shields        | 3 4 5 6 7 |  7.3
Armour         | 3 4 5 6 |  6.2
Fighting       | 4 5 6 7 |  7.1
Dodging        | 1 2 3 |  3.7
Stealth        | |  0.6
Unarmed Combat | |  0.1

Action                   |  1- 3 |  4- 6 |  7- 9 | 10-12 || total
-------------------------+-------+-------+-------+-------++-------
Melee: War axe           |   175 |   205 |   435 |   360 ||  1175
       Unarmed           |       |       |       |    15 ||    15
  Use: Scroll            |       |     4 |     3 |     7 ||    14
       Potion            |       |     1 |     1 |     1 ||     3
  Eat: Chunk             |     2 |     7 |    11 |     8 ||    28
       Ration            |       |       |     1 |       ||     1
Armor: Scale mail        |    17 |       |       |       ||    17
       Chain mail        |    95 |   114 |   171 |    15 ||   395
       Ring mail         |       |       |       |    46 ||    46
Dodge: Dodged            |    50 |    79 |   206 |   369 ||   704
Block: Shield            |    94 |    95 |   249 |   262 ||   700

Table legend:
 A = Non-vault XP
 B = Vault XP
 C = Vault XP percentage of total XP
 D = Non-vault monster count
 E = Vault monster count
 F = Vault count percentage of total count
                 A         B        C        D         E       F
            +---------+---------+-------+---------+---------+-------
      Total |    7520 |    3022 |  28.7 |     199 |      45 |  18.4
            +---------+---------+-------+---------+---------+-------
        D:1 |      39 |       0 |   0.0 |      24 |       0 |   0.0
        D:2 |      35 |       0 |   0.0 |      12 |       0 |   0.0
        D:3 |     192 |      17 |   8.1 |      23 |       2 |   8.0
        D:4 |     191 |    1295 |  87.1 |      16 |      26 |  61.9
        D:5 |     745 |      59 |   7.3 |      22 |       2 |   8.3
        D:6 |    1664 |     242 |  12.7 |      17 |       1 |   5.6
        D:7 |    2158 |       0 |   0.0 |      37 |       0 |   0.0
        D:8 |    1395 |     671 |  32.5 |      32 |       2 |   5.9
        D:9 |    1101 |      32 |   2.8 |      16 |       4 |  20.0
     Bailey |       0 |     706 | 100.0 |       0 |       8 | 100.0
            +---------+---------+-------+---------+---------+-------
